 Dungeon Crawl Stone Soup version 0.21.0-3-g78d12a8bdd (webtiles) character file.

196 GuyWithAPlan the Gusty (level 5, -1/25 HPs)
             Began as a Tengu Air Elementalist on Jan 16, 2018.
             Was an Initiate of Hepliaklqana.
             Slain by a gnoll
             ... wielding a +0 halberd
              (19 damage)
             ... on level 4 of the Dungeon.
             The game lasted 00:12:48 (3944 turns).

GuyWithAPlan the Gusty (Tengu Air Elementalist)     Turns: 3944, Time: 00:12:48

Health: -1/25      AC:  2    Str:  8    XL:     5   Next: 75%
Magic:  1/10       EV: 15    Int: 17    God:    Hepliaklqana [......]
Gold:   223        SH:  0    Dex: 14    Spells: 2/9 levels left

rFire    . . .     SeeInvis .   j - +2 dagger (venom)
rCold    . . .     Gourm    .   (no shield)
rNeg     . . .     Faith    .   a - +0 robe
rPois    .         Spirit   .   (helmet restricted)
rElec    .         Reflect  .   (no cloak)
rCorr    .         Harm     .   (no gloves)
MR       +....                  (boots unavailable)
Stlth    ++........             (no amulet)
HPRegen  0.08/turn              p - ring of protection from magic
MPRegen  0.12/turn              (no ring)

@: flying quickly and evasively, quick
A: reduced essence, beak, talons 3, able to fly 1
a: Recall Ancestor, Ancestor Identity, Renounce Religion


You were on level 4 of the Dungeon.
You worshipped Hepliaklqana.
Hepliaklqana was noncommittal.
You were not hungry.

You visited 2 branches of the dungeon, and saw 5 of its levels.

You collected 223 gold pieces.

Inventory:

Hand Weapons
 i - a +0 short sword
 j - a +2 dagger of venom (weapon)
Armour
 a - a +0 robe (worn)
Jewellery
 p - a ring of protection from magic (left hand)
Scrolls
 e - 2 scrolls of remove curse {unknown}
 g - 2 scrolls of fog {unknown}
 h - 8 scrolls of identify {unknown}
 k - 2 scrolls of enchant armour {unknown}
 l - 2 scrolls of teleportation {unknown}
 m - 2 scrolls of blinking {unknown}
 n - a scroll of amnesia {unknown}
 r - a scroll of immolation {unknown}
Potions
 d - 4 potions of might {unknown}
 f - 2 potions of heal wounds {unknown}
 o - a potion of resistance {unknown}
 q - 2 potions of curing {unknown}
 t - a potion of degeneration {unknown}
 u - a potion of berserk rage {unknown}
Books
 b - a book of Air

   Spells                             Type                      Level
   a - Shock                          Conjuration/Air              1
   b - Swiftness                      Charms/Air                   2
   c - Static Discharge               Conjuration/Air              3
   d - Airstrike                      Air                          4
   e - Lightning Bolt                 Conjuration/Air              5
Comestibles
 c - 8 rations
 s - 2 chunks of flesh


   Skills:
 - Level 2.3 Dodging
 + Level 2.5 Stealth
 + Level 2.8 Spellcasting
 + Level 3.7 Conjurations
 * Level 6.3 Air Magic
 * Level 0.1 Invocations


You had 2 spell levels left.
You knew the following spells:

 Your Spells              Type           Power        Failure   Level  Hunger
a - Shock                 Conj/Air       ###.         2%          1    #......
b - Swiftness             Chrm/Air       ##......     8%          2    ##.....
c - Airstrike             Air            ###.......   13%         4    #####..


Dungeon Overview and Level Annotations

Branches:
Dungeon (4/15)             Temple (1/1) D:4

Altars:
Ashenzari
Cheibriados
Dithmenos
Elyvilon
Fedhas
Gozag
Hepliaklqana
Kikubaaqudgha
Okawaru
Trog
Vehumet
Wu Jian
Xom
Zin
The Shining One


Innate Abilities, Weirdness & Mutations

You have a beak for a mouth.
You have claws for feet.
You can fly.
Your life essence is reduced to manifest your ancestor. (-10% HP)


Message History

Casting: Shock
Confirm with . or Enter, or press ? or * to list all spells.
Aiming: Shock
Press: ? - help, Shift-Dir - straight line The zap hits the gnoll.
You kill the gnoll!
The gnoll hits Titus with a flail!
Titus is destroyed!
The gnoll shaman calls upon its god to speed up the gnoll.
The gnoll seems to speed up.
The gnoll hits you with a whip. The gnoll closely misses you.
The gnoll misses you. The gnoll hits you with a whip.
Titus is still trapped in memory!
You swoop lightly up into the air.
You feel very comfortable in the air.
You feel somewhat more hungry. The gnoll misses you.
The gnoll hits you from afar with a halberd!!
Ouch! That really hurt!
You die...

.^.......# #.##.#
#. .###...###
##.##.####. #...#
#.....#.... #...#
#..####.... #####
#..# #....
#..####....
########..........
#.........#.......
...
#@################
... #g# # ...
#########g#### #
... #....g.......#
# ...
#...g####.####
#####
.†g#####.g..## #.#
.... #.....#.....#
#.# ##..
#..g.÷......# #.#
#.. #.....##....#
#.# #..


You could see 2 gnolls.

Vanquished Creatures
  A bullfrog skeleton (D:4)
  A gnoll (D:4)
  5 adders
  6 worms
  3 dart slugs
  2 leopard geckos
  5 orcs (D:4)
  7 giant cockroaches
  4 goblins
  6 hobgoblins
  3 quokkas
  6 bats
  6 kobolds
  6 rats
61 creatures vanquished.

Vanquished Creatures (collateral kills)
  An iguana (D:4)
1 creature vanquished.

Vanquished Creatures (others)
  An ancestor (D:4)
1 creature vanquished.

Grand Total: 63 creatures vanquished

Notes
Turn   | Place    | Note
-------+----------+-------------------------------------------
     0 | D:1      | GuyWithAPlan the Tengu Air Elementalist began the quest for the Orb.
     0 | D:1      | Reached XP level 1. HP: 10/10 MP: 4/4
   261 | D:1      | Found a snail-covered altar of Cheibriados.
   366 | D:1      | Reached XP level 2. HP: 15/15 MP: 0/6
  1208 | D:2      | Reached XP level 3. HP: 4/19 MP: 1/7
  1611 | D:2      | Reached skill level 5 in Air Magic
  1686 | D:2      | Learned a level 2 spell: Swiftness
  1912 | D:2      | Reached XP level 4. HP: 18/24 MP: 5/8
  3222 | D:3      | Learned a level 4 spell: Airstrike
  3233 | D:3      | Gained mutation: You can fly. [Tengu growth]
  3233 | D:3      | Reached XP level 5. HP: 28/28 MP: 3/9
  3244 | D:3      | Reached skill level 6 in Air Magic
  3320 | D:4      | Found a staircase to the Ecumenical Temple.
  3369 | Temple   | Entered the Ecumenical Temple
  3399 | Temple   | Became a worshipper of Hepliaklqana the Forgotten
  3578 | D:4      | Found a blossoming altar of Fedhas.
  3944 | D:4      | Slain by a gnoll

Skill      XL: |  1  2  3  4  5 |
---------------+----------------+-----
Air Magic      | 5 6 |  6.3
Conjurations   | 2 3 |  3.7
Dodging        | |  2.3
Stealth        | |  2.5
Spellcasting   | |  2.8
Invocations    | |  0.1

Action                   |  1- 3 |  4- 6 || total
-------------------------+-------+-------++-------
Melee: Unarmed           |     2 |       ||     2
       Kick              |     3 |       ||     3
       Short sword       |     3 |       ||     3
       Dagger            |     9 |     1 ||    10
       Peck              |     2 |       ||     2
 Cast: Shock             |    64 |   105 ||   169
Invok: Ancestor Identity |       |     5 ||     5
 Abil: Fly               |       |     1 ||     1
 Stab: Sleeping          |     1 |       ||     1
  Eat: Chunk             |     4 |     7 ||    11
Armor: Robe              |     4 |     2 ||     6
Dodge: Dodged            |     9 |    14 ||    23
